AAA
TUCSON TOROS @ ANNAPOLIS ADMIRALS
05/19/2060
 
TOP OF THE 1ST
Tucson Toros batting - Pitching for Annapolis Admirals : LHP Karcher Amezcua
Pitching: LHP Karcher Amezcua
Batting: RHB Kelvin Knox 0-0: Swinging Strike
0-1: Fly out, F9 (Flyball, 9LM, EV 91.2 MPH)
Batting: LHB Ozzie Young 0-0: Called Strike
0-1: Swinging Strike
0-2: Ball
1-2: Strikes out looking
Batting: RHB Devin Mastroianni 0-0: Swinging Strike
0-1: Foul Ball, location: 2F
0-2: Ball
1-2: Foul Ball, location: 2F
1-2: Strikes out looking
Top of the 1st over - 0 runs, 0 hits, 0 errors, 0 left on base; Tucson 0 - Annapolis 0
BOTTOM OF THE 1ST
Annapolis Admirals batting - Pitching for Tucson Toros : RHP Mark Myers
Pitching: RHP Mark Myers
Batting: RHB Braden Sacks 0-0: Ball
1-0: Foul Ball, location: 2F
1-1: Ball
2-1: Ball
3-1: Base on Balls
Batting: LHB Charlie Estes 0-0: Called Strike
0-1: Called Strike
0-2: Fielders Choice at 2nd, 5-4 (Groundball, 56, EV 83.8 MPH)
Batting: RHB Justyn Wylie 0-0: Ball
Charlie Estes steals 2nd base (no throw)
1-0: Fly out, F8 (Flyball, 8RD, EV 89.4 MPH)
Batting: LHB Gregg Flores 0-0: Ground out U3 (Groundball, 3, EV 104.4 MPH)
Bottom of the 1st over - 0 runs, 0 hits, 0 errors, 1 left on base; Tucson 0 - Annapolis 0
TOP OF THE 2ND
Tucson Toros batting - Pitching for Annapolis Admirals : LHP Karcher Amezcua
Batting: RHB Andy Reece 0-0: Ground out 4-3 (Groundball, 4, EV 109.4 MPH)
Batting: LHB Michael Hughes 0-0: Ball
1-0: Ball
2-0: Ball
3-0: Called Strike
3-1: Base on Balls
Batting: RHB Coltyn Goldman 0-0: Fielders Choice at 2nd, 5-4 (Groundball, 56, EV 86.2 MPH)
Batting: RHB Drake Ferris 0-0: Called Strike
0-1: Ball
1-1: Ball
2-1: SINGLE (Groundball, 6, EV 99.4 MPH)
Coltyn Goldman to second
Batting: SHB Kendall Powell 0-0: Ball
1-0: Fly out, F6 (Popup, P, EV 79.4 MPH)
Top of the 2nd over - 0 runs, 1 hit, 0 errors, 2 left on base; Tucson 0 - Annapolis 0
BOTTOM OF THE 2ND
Annapolis Admirals batting - Pitching for Tucson Toros : RHP Mark Myers
Batting: RHB Trey Densmore 0-0: Ball
1-0: Called Strike
1-1: Ball
2-1: Ball
3-1: Called Strike
3-2: Ground out 5-3 (Groundball, 56, EV 82.5 MPH)
Batting: RHB Mason Severance 0-0: Ball
1-0: Called Strike
1-1: Swinging Strike
1-2: Foul Ball, location: 2F
1-2: Ball
2-2: Strikes out looking
Batting: RHB Damon Dickinson 0-0: Ball
1-0: Ball
2-0: Swinging Strike
2-1: Ball
3-1: Foul Ball, location: 5F, Error on foul ball, E5
3-2: TRIPLE (Line Drive, 78XD, EV 110.6 MPH)
Batting: LHB L.G. Clia 0-0: Called Strike
0-1: Ball
1-1: Ball
2-1: Fly out, F7 (Line Drive, 78D, EV 94.4 MPH)
Bottom of the 2nd over - 0 runs, 1 hit, 1 error, 1 left on base; Tucson 0 - Annapolis 0
TOP OF THE 3RD
Tucson Toros batting - Pitching for Annapolis Admirals : LHP Karcher Amezcua
Batting: LHB Eaton Duda 0-0: Ball
1-0: Fly out, F5 (Flyball, 56D, EV 87.5 MPH)
Batting: RHB Kelvin Knox 0-0: Ball
1-0: Swinging Strike
1-1: Ball
2-1: Foul Ball, location: 2F
2-2: SOLO HOME RUN (Flyball, 89XD, EV 96.9 MPH), Distance : 406 ft
Batting: LHB Ozzie Young 0-0: Foul Ball, location: 2F
0-1: Ball
1-1: Foul Ball, location: 2F
1-2: Ball
2-2: Ball
3-2: Foul Ball, location: 2F
3-2: Fly out, F8 (Flyball, 8RS, EV 87.5 MPH)
Batting: RHB Devin Mastroianni 0-0: Ball
1-0: Ball
2-0: Foul Ball, location: 2F
2-1: Foul Ball, location: 2F
2-2: Foul Ball, location: 2F
2-2: Ball
3-2: Strikes out swinging
Top of the 3rd over - 1 run, 1 hit, 0 errors, 0 left on base; Tucson 1 - Annapolis 0
BOTTOM OF THE 3RD
Annapolis Admirals batting - Pitching for Tucson Toros : RHP Mark Myers
Batting: RHB Sonny Zidane 0-0: Ball
1-0: Called Strike
1-1: Ball
2-1: DOUBLE (Line Drive, 7LS, EV 96.2 MPH)
Batting: RHB Braden Sacks 0-0: Ball
1-0: Foul Ball, location: 2F
1-1: Called Strike
1-2: Ball
2-2: Ball
3-2: SINGLE (Groundball, 56D, EV 103.1 MPH)
Sonny Zidane to third
Batting: LHB Charlie Estes 0-0: Ball
1-0: Ball
2-0: Called Strike
Braden Sacks is caught stealing 2nd base 2-6
2-1: Ball
3-1: Foul Ball, location: 2F
3-2: Strikes out looking
Batting: RHB Justyn Wylie 0-0: Foul Ball, location: 2F
0-1: Ball
1-1: Ball
2-1: Fly out, F9 (Flyball, 89M, EV 80.6 MPH)
Bottom of the 3rd over - 0 runs, 2 hits, 0 errors, 1 left on base; Tucson 1 - Annapolis 0
TOP OF THE 4TH
Tucson Toros batting - Pitching for Annapolis Admirals : LHP Karcher Amezcua
Batting: RHB Andy Reece 0-0: Ball
1-0: Ball
2-0: Fly out, F9 (Flyball, 9D, EV 101.2 MPH)
Batting: LHB Michael Hughes 0-0: Ball
1-0: Ball
2-0: Foul Ball, location: 2F
2-1: DOUBLE (Groundball, 5L, EV 105.0 MPH)
Batting: RHB Coltyn Goldman 0-0: Called Strike
0-1: SINGLE (Line Drive, 9S, EV 101.2 MPH)
Michael Hughes to third
Runner from 3rd tries for Home, throw by RF and OUT! 9-2
Batting: RHB Drake Ferris 0-0: Foul Ball, location: 2F
0-1: Ground out 1-3 (Groundball, 13S, EV 61.2 MPH)
Top of the 4th over - 0 runs, 2 hits, 0 errors, 1 left on base; Tucson 1 - Annapolis 0
BOTTOM OF THE 4TH
Annapolis Admirals batting - Pitching for Tucson Toros : RHP Mark Myers
Batting: LHB Gregg Flores 0-0: Ball
1-0: Ball
2-0: Ball
3-0: Base on Balls
Batting: RHB Trey Densmore 0-0: Called Strike
Gregg Flores steals 2nd base
0-1: Ball
1-1: Called Strike
1-2: Ground out 6-3 (Groundball, 6, EV 85.6 MPH)
Gregg Flores to third
Batting: RHB Mason Severance 0-0: Ball
1-0: Called Strike
1-1: Ball
2-1: Foul Ball, location: 2F
2-2: Strikes out swinging
Batting: RHB Damon Dickinson 0-0: Ball
1-0: Called Strike
1-1: Swinging Strike
1-2: Ball
2-2: 2-RUN HOME RUN (Flyball, 7LD, EV 95.6 MPH), Distance : 349 ft
Batting: LHB L.G. Clia 0-0: Ball
1-0: Ball
2-0: Ball
3-0: Called Strike
3-1: Ground out 4-3 (Groundball, 4, EV 90.0 MPH)
Bottom of the 4th over - 2 runs, 1 hit, 0 errors, 0 left on base; Tucson 1 - Annapolis 2
TOP OF THE 5TH
Tucson Toros batting - Pitching for Annapolis Admirals : LHP Karcher Amezcua
Batting: SHB Kendall Powell 0-0: Foul Ball, location: 2F
0-1: Foul Ball, location: 2F
0-2: Ball
1-2: Foul Ball, location: 2F
1-2: Ball
2-2: Foul Ball, location: 2F
2-2: Ground out 6-3 (Groundball, 6M, EV 89.4 MPH)
Batting: LHB Eaton Duda 0-0: Foul Ball, location: 2F
0-1: Ball
1-1: Called Strike
1-2: Ball
2-2: Foul Ball, location: 2F
2-2: Ball
3-2: Foul Ball, location: 2F
3-2: SINGLE (Groundball, 4MD, EV 103.1 MPH)
Batting: RHB Kelvin Knox 0-0: Ball
1-0: Called Strike
1-1: Foul Ball, location: 2F
1-2: Foul Ball, location: 2F
1-2: TRIPLE (Line Drive, 89XD, EV 100.6 MPH)
Eaton Duda scores
Batting: LHB Ozzie Young 0-0: Swinging Strike
0-1: Ball
1-1: Called Strike
1-2: Strikes out looking
Batting: RHB Devin Mastroianni 0-0: Called Strike
0-1: Ball
1-1: Swinging Strike
1-2: Foul Ball, location: 2F
1-2: Ball
2-2: Foul Ball, location: 2F
2-2: DOUBLE (Line Drive, 7LD, EV 103.8 MPH)
Kelvin Knox scores
Batting: RHB Andy Reece 0-0: Ball
1-0: Foul Ball, location: 2F
1-1: Fly out, F6 (Line Drive, 6, EV 70.0 MPH)
Top of the 5th over - 2 runs, 3 hits, 0 errors, 1 left on base; Tucson 3 - Annapolis 2
BOTTOM OF THE 5TH
Annapolis Admirals batting - Pitching for Tucson Toros : RHP Mark Myers
Batting: RHB Sonny Zidane 0-0: Swinging Strike
0-1: Foul Ball, location: 2F
0-2: Foul Ball, location: 2F
0-2: Strikes out swinging
Pitching: RHP Kameron Oliver
Batting: RHB Braden Sacks 0-0: Ball
1-0: Ball
2-0: Swinging Strike
2-1: Called Strike
2-2: Foul Ball, location: 2F
2-2: Strikes out swinging
Batting: LHB Charlie Estes 0-0: Called Strike
0-1: Foul Ball, location: 2F
0-2: Strikes out swinging
Bottom of the 5th over - 0 runs, 0 hits, 0 errors, 0 left on base; Tucson 3 - Annapolis 2
TOP OF THE 6TH
Tucson Toros batting - Pitching for Annapolis Admirals : LHP Karcher Amezcua
Batting: LHB Michael Hughes 0-0: Ball
1-0: Ground out 1-3 (Groundball, P, EV 55.6 MPH)
Batting: RHB Coltyn Goldman 0-0: DOUBLE (Flyball, 8RXD, EV 106.9 MPH)
Batting: RHB Drake Ferris 0-0: Swinging Strike
0-1: Ball
1-1: Foul Ball, location: 2F
1-2: Fly out, F7 (Flyball, 78D, EV 98.1 MPH)
Batting: SHB Kendall Powell 0-0: Ball
1-0: Fly out, F8 (Flyball, 8RS, EV 91.9 MPH)
Top of the 6th over - 0 runs, 1 hit, 0 errors, 1 left on base; Tucson 3 - Annapolis 2
BOTTOM OF THE 6TH
Annapolis Admirals batting - Pitching for Tucson Toros : RHP Kameron Oliver
Batting: RHB Justyn Wylie 0-0: Foul Ball, location: 2F
0-1: Foul Ball, location: 2F
0-2: Ball
1-2: Ball
2-2: Foul Ball, location: 2F
2-2: Strikes out swinging
Batting: LHB Gregg Flores 0-0: Ball
1-0: Called Strike
1-1: Swinging Strike
1-2: Strikes out swinging
Batting: RHB Trey Densmore 0-0: Foul Ball, location: 2F
0-1: Ball
1-1: Ground out 4-3 (Groundball, 4S, EV 66.9 MPH)
Bottom of the 6th over - 0 runs, 0 hits, 0 errors, 0 left on base; Tucson 3 - Annapolis 2
TOP OF THE 7TH
Tucson Toros batting - Pitching for Annapolis Admirals : LHP Karcher Amezcua
Pitching: RHP Shadell Williams
Batting: LHB Eaton Duda 0-0: Ball
1-0: Called Strike
1-1: SINGLE (Groundball, 4MD, EV 97.5 MPH)
Batting: RHB Kelvin Knox 0-0: Fly out, F9 (Line Drive, 9, EV 94.4 MPH)
Batting: LHB Ozzie Young 0-0: Foul Ball, location: 2F
0-1: Ball
1-1: Ball
2-1: Swinging Strike
2-2: Strikes out looking
Batting: RHB Devin Mastroianni 0-0: Ball
1-0: Swinging Strike
Eaton Duda is caught stealing 2nd base 2-4
Top of the 7th over - 0 runs, 1 hit, 0 errors, 0 left on base; Tucson 3 - Annapolis 2
BOTTOM OF THE 7TH
Annapolis Admirals batting - Pitching for Tucson Toros : RHP Kameron Oliver
Batting: RHB Mason Severance 0-0: Ball
1-0: Called Strike
1-1: Fly out, F6 (Line Drive, 6M, EV 67.5 MPH)
Batting: RHB Damon Dickinson 0-0: Called Strike
0-1: Swinging Strike
0-2: Strikes out swinging
Batting: LHB L.G. Clia 0-0: Called Strike
0-1: Foul Ball, location: 2F
0-2: Strikes out swinging
Bottom of the 7th over - 0 runs, 0 hits, 0 errors, 0 left on base; Tucson 3 - Annapolis 2
TOP OF THE 8TH
Tucson Toros batting - Pitching for Annapolis Admirals : RHP Shadell Williams
Batting: RHB Devin Mastroianni 0-0: Ball
1-0: SINGLE (Groundball, 4D, EV 101.9 MPH)
Batting: RHB Andy Reece 0-0: Called Strike
0-1: Swinging Strike
0-2: Strikes out looking
Batting: LHB Michael Hughes 0-0: Ball
1-0: Foul Ball, location: 2F
1-1: SINGLE (Groundball, 4MD, EV 96.2 MPH)
Devin Mastroianni to second
Runner from 2nd tries for 3rd, OUT after rundown.
Batting: RHB Coltyn Goldman 0-0: Swinging Strike
0-1: Foul Ball, location: 2F
0-2: Fielders Choice at 2nd, 6-4 (Groundball, 6, EV 105.6 MPH)
Top of the 8th over - 0 runs, 2 hits, 0 errors, 1 left on base; Tucson 3 - Annapolis 2
BOTTOM OF THE 8TH
Annapolis Admirals batting - Pitching for Tucson Toros : RHP Kameron Oliver
Pinch Hitting: LHB Kentrellis Donciu 0-0: Fly out, F9 (Flyball, 89S, EV 93.1 MPH)
Batting: RHB Braden Sacks 0-0: Foul Ball, location: 2F
0-1: Ground out 5-3 (Groundball, 5, EV 85.0 MPH)
Batting: LHB Charlie Estes 0-0: Called Strike
0-1: Ball
1-1: Ball
2-1: Ball
3-1: Ground out 4-3 (Groundball, 34D, EV 105.6 MPH)
Bottom of the 8th over - 0 runs, 0 hits, 0 errors, 0 left on base; Tucson 3 - Annapolis 2
TOP OF THE 9TH
Tucson Toros batting - Pitching for Annapolis Admirals : RHP Shadell Williams
Pitching: LHP Kyle Heldt
Now at 2B: Trey Densmore
Now at SS: Antonio Boyle
Batting: RHB Drake Ferris 0-0: Ball
1-0: SINGLE (Groundball, 6MD, EV 98.8 MPH)
Batting: SHB Kendall Powell 0-0: Ball
1-0: Called Strike
1-1: Ball
2-1: Swinging Strike
2-2: Foul Ball, location: 2F
2-2: Strikes out looking
Batting: LHB Eaton Duda 0-0: Called Strike
0-1: Ball
1-1: Ball
2-1: Grounds into double play, 5-4-3 (Groundball, 56S, EV 91.2 MPH)
Top of the 9th over - 0 runs, 1 hit, 0 errors, 0 left on base; Tucson 3 - Annapolis 2
BOTTOM OF THE 9TH
Annapolis Admirals batting - Pitching for Tucson Toros : RHP Kameron Oliver
Pitching: RHP Jonas LaBelle
Batting: RHB Justyn Wylie 0-0: Ball
1-0: Ball
2-0: Swinging Strike
2-1: SOLO HOME RUN (Flyball, 78XD, EV 110.0 MPH), Distance : 432 ft
Batting: LHB Gregg Flores 0-0: Ball
1-0: Ball
2-0: Ball
3-0: Called Strike
3-1: Swinging Strike
3-2: Foul Ball, location: 2F
3-2: Foul Ball, location: 2F
3-2: Ground out 3-1 (Groundball, 34, EV 96.9 MPH)
Pinch Hitting: LHB Nathan Bell 0-0: Called Strike
0-1: Ball
1-1: SOLO HOME RUN (Flyball, 89XD, EV 111.9 MPH), Distance : 418 ft
Bottom of the 9th over - 2 runs, 2 hits, 0 errors, 0 left on base; Tucson 3 - Annapolis 4
Wednesday, May 1st , 2024 - OOTP Baseball 23.10 Build 110